 Dungeon Crawl Stone Soup version 0.25.0-11-g1f837a76a1 (webtiles) character file.

Game seed: 6508172757434905932

43 DocSulfur the Vexing (level 3, 0/21 HPs)
             Began as a Vampire Enchanter on June 27, 2020.
             Slain by a leopard gecko (2 damage)
             ... on level 2 of the Dungeon.
             The game lasted 00:08:27 (1996 turns).

DocSulfur the Vexing (Vampire Enchanter)            Turns: 1996, Time: 00:08:27

Health: 0/21       AC:  2    Str:  5 (7)  XL:     3   Next: 37%
Magic:  5/6        EV: 12    Int: 16 (18) God:
Gold:   75         SH:  0    Dex: 12 (14) Spells: 3/6 levels left

rFire    . . .     SeeInvis +   a - +1 dagger
rCold    . . .     Gourm    .   (no shield)
rNeg     . . .     Faith    .   e - +0 robe
rPois    .         Spirit   .   (no helmet)
rElec    .         Reflect  .   (no cloak)
rCorr    .         Harm     .   (no gloves)
MR       .....                  (no boots)
Stlth    +++.......             b - amulet of magic regeneration
HPRegen  0.27/turn              (no ring)
MPRegen  0.35/turn              (no ring)

@: regenerating quickly
A: no food, fangs 3, see invisible, [frail 1], unbreathing
a: Exsanguinate


You were on level 2 of the Dungeon.
You were alive.

You visited 1 branch of the dungeon, and saw 3 of its levels.

You collected 75 gold pieces.

Inventory:

Hand Weapons
 a - a +1 dagger (weapon)
Armour
 e - a +0 robe (worn)
Jewellery
 b - an amulet of magic regeneration (around neck)
Scrolls
 c - a scroll of amnesia {unknown}
 d - 3 scrolls of identify {unknown}
 h - a scroll of remove curse {unknown}
 j - a scroll of teleportation {unknown}
Potions
 f - a potion of stabbing {unknown}
 g - 2 potions of curing {unknown}
 i - a potion of flight {unknown}


   Skills:
 - Level 1.1 Short Blades
 - Level 2.2 Dodging
 + Level 5.1 Stealth
 + Level 2.4 Spellcasting
 * Level 5.5 Hexes
 + Level 0.4 Ice Magic


You had 3 spell levels left.
You knew the following spells:

 Your Spells              Type           Power        Failure   Level  Hunger
a - Corona                Hex            ###....      1%          1    N/A
b - Ensorcelled Hibernat  Hex/Ice        ##....       9%          2    N/A

Your spell library contained the following spells:

 Spells                   Type           Power        Failure   Level  Hunger
 Confusing Touch          Hex            ###.....     6%          3    N/A
 Tukima's Dance           Hex            ###.....     6%          3    N/A
 Dazzling Flash           Conj/Hex       ##....       19%         3    N/A

Dungeon Overview and Level Annotations

Branches:
Dungeon (3/15)

Altars:
Kikubaaqudgha
Makhleb
Trog
Xom


Innate Abilities, Weirdness & Mutations

You do not eat.
Your natural rate of healing is unusually fast.
You have razor-sharp teeth.
You have supernaturally acute eyesight. (SInv)
You can survive without breathing.
[You are frail. (-10% HP)]


Message History

There is a stone staircase leading down here.
You begin the revivification ritual.
You continue your ritual. x5
Now alive.
You feel frail.
Your blood-filled body can't sustain your transformation.
Your transformation has ended.
Your +1 dagger unmelds from your body.
Your +0 robe unmelds from your body.
The leopard gecko bites you.
* * * LOW HITPOINT WARNING * * *
Casting: Corona (safe; 1% risk of failure)
Confirm with . or Enter, or press ? or * to list all spells.
Aiming: Corona (safe; 1% risk of failure)
Press: ? - help, Shift-Dir - straight line, f - leopard gecko
Aim: a leopard gecko (chance to defeat MR: 73%)
The leopard gecko is outlined in light.
The leopard gecko closely misses you. The leopard gecko barely misses you.
You hit the leopard gecko.
The leopard gecko is severely wounded.
The leopard gecko bites you.
You die...

#.#...#
##.#...###########
.#.#...'.........#
.......#########.#
.......##### #.#
...........# #.#
...........# #.#
...........#####.#
.....)......>..l@#
(.........########
..........#
.......)..#
..........#
..........#
#######...# #####


You could see a leopard gecko (corona).

Vanquished Creatures
  An ooze (D:1)
  A worm (D:3)
  2 dart slugs
  3 giant cockroaches
  5 goblins
  4 hobgoblins
  8 bats
  5 frilled lizards (D:1)
  2 rats
31 creatures vanquished.

Notes
Turn   | Place    | Note
-------+----------+-------------------------------------------
     0 | D:1      | DocSulfur the Vampire Enchanter began the quest for the
                  | Orb.
     0 | D:1      | Reached XP level 1. HP: 13/13 MP: 3/3
   347 | D:1      | Reached XP level 2. HP: 19/19 MP: 5/5
   373 | D:1      | Reached skill level 5 in Hexes
   377 | D:1      | Learned a level 2 spell: Ensorcelled Hibernation
  1097 | D:2      | Found a burning altar of Makhleb.
  1139 | D:2      | Found an ancient bone altar of Kikubaaqudgha.
  1139 | D:2      | Found a bloodstained altar of Trog.
  1157 | D:2      | Reached skill level 5 in Stealth
  1162 | D:2      | Reached XP level 3. HP: 9/19 MP: 4/6
  1718 | D:2      | Found a shimmering altar of Xom.
  1996 | D:2      | Slain by a leopard gecko

Illustrated notes

Levels and vault maps discovered:
D:1:      matt_arrival_los_fun, layout_basic, minmay_fountain_box,
          chequers_serial_rivers_micro_c, minmay_hexomino_u4
D:2:      layout_basic, grunt_temple_overflow_open, lightli_temple_of_fire,
          xom_teletrap_fun
D:3:      layout_rooms, serial_co_window_serial, co_window_paths_b,
          co_window_paths_a, co_window_paths_a, co_window_cross_1,
          co_window_of_opportunity_a, co_window_corner_a, co_window_corner_a,
          co_window_paths_a, co_window_paths_b, co_window_broadway_c,
          co_window_unsneaky_path_d, co_window_unsneaky_path_a,
          co_window_corner_cb, glass_columns_c, glass_columns_c,
          glass_columns_a, glass_columns_c, glass_columns_a,
          hangedman_decor_opposing, uniq_sigmund, uniq_natasha

Skill      XL: |  1  2 |
---------------+-------+-----
Hexes          | 5 |  5.5
Stealth        | 5 |  5.1
Short Blades   | |  1.1
Dodging        | |  2.2
Spellcasting   | |  2.4
Ice Magic      | |  0.4

Action                   || total
-------------------------++-------
Melee: Dagger            ||   118
       Bite              ||    14
 Cast: Corona            ||    31
       Ensorcelled Hiber ||     2
 Abil: Exsanguinate      ||     1
       Bat Form          ||     1
       Revivify          ||     1
 Stab: Sleeping          ||     6
Armor: Robe              ||    45
Dodge: Dodged            ||   111
